 Dungeon Crawl Stone Soup version 0.17-a0-1262-gd250d98 (webtiles) character file.

728 Raurakos the Slasher (level 7, -7/45 HPs)
             Began as a High Elf Warper on June 6, 2015.
             Was a Believer of Vehumet.
             Splashed by a jelly's acid (10 damage)
             ... on level 6 of the Dungeon.
             The game lasted 00:35:28 (7187 turns).

Raurakos the Slasher (High Elf Warper)              Turns: 7187, Time: 00:35:28

Health: -7/45      AC: -1    Str: 10    XL:     7   Next: 44%
Magic:  11/11      EV: 17    Int: 17    God:    Vehumet [**....]
Gold:   296        SH:  0    Dex: 20    Spells: 5 memorised, 1 level left

rFire  . . .     SeeInvis .     a - +0 long sword
rCold  + . .     Clarity  .     E - +2 robe {rC+}
rNeg   . . .     SustAt   .     (no shield)
rPois  .         Gourm    .     A - +0 helmet
rElec  .         Spirit   .     (no cloak)
rCorr  .         Warding  .     (no gloves)
rMut   .         Stasis   .     j - +2 pair of boots
MR     .....                    (no amulet)
Stlth  ++........               (no ring)
                                n - +3 ring of dexterity

@: corroded equipment, not resistant to hostile enchantments, unstealthy
A: no striking features
a: Renounce Religion


You were on level 6 of the Dungeon.
You worshipped Vehumet.
Vehumet was pleased with you.
You were hungry.

You visited 2 branches of the dungeon, and saw 7 of its levels.

You collected 296 gold pieces.

Inventory:

Hand weapons
 a - a +0 long sword (weapon)
 b - a +4 hunting sling
 v - a +0 dagger of draining
 F - a +0 dagger of venom
Missiles
 e - 5 tomahawks of dispersal
 k - 5 curare-tipped needles
 p - 139 stones (quivered)
 s - 6 sling bullets of frost
 B - a throwing net
Armour
 j - a +2 pair of boots (worn)
 z - a +0 buckler
 A - a +0 helmet (worn)
 E - a +2 robe of cold resistance (worn)
Jewellery
 n - a +3 ring of dexterity (left hand)
 o - an uncursed ring of flight
 H - an uncursed ring of teleportation
Magical devices
 g - a wand of frost (11)
 t - a wand of magic darts (13)
Scrolls
 d - 4 scrolls of blinking
 i - 2 scrolls of remove curse
 q - 3 scrolls of immolation
 r - 3 scrolls of recharging {unknown}
 w - a scroll of amnesia {unknown}
 y - 3 scrolls of fog {unknown}
 I - a scroll of enchant armour {unknown}
 J - a scroll of teleportation {unknown}
 L - a scroll of random uselessness {unknown}
Potions
 h - 2 potions of brilliance
 l - 3 potions of curing
 u - a potion of cancellation
 D - a potion of invisibility
 G - 3 potions of might
 K - a potion of flight
 M - a potion of haste {unknown}
Books
 c - a book of Spatial Translocations

   Spells                             Type                      Level
   a - Apportation                    Translocation                1
   b - Blink                          Translocation                2
   c - Shroud of Golubria             Charms/Translocation         2
   d - Portal Projectile              Translocation                3
   e - Teleport Other                 Translocation                3
   f - Passage of Golubria            Translocation                4
 x - a book of the Dragon

   Spells                             Type                      Level
   a - Flame Tongue                   Conjuration/Fire             1
   b - Cause Fear                     Hexes                        4
   c - Bolt of Fire                   Conjuration/Fire             6
   d - Dragon Form                    Transmutation                7
   e - Dragon's Call                  Summoning                    9
Comestibles
 f - 4 bread rations
 m - 4 meat rations
 C - 3 fruits


   Skills:
 - Level 2.0 Fighting
 - Level 6.4 Long Blades
 - Level 1.1 Throwing
 - Level 0.8 Armour
 - Level 6.0 Dodging
 - Level 2.4 Spellcasting
 + Level 2.0 Conjurations
 - Level 4.2 Translocations
 + Level 1.4 Poison Magic


You had one spell level left.
You knew the following spells:

 Your Spells              Type           Power        Failure   Level  Hunger
a - Apportation           Tloc           ###.......   3%          1    #......
b - Blink                 Tloc           N/A          6%          2    ##.....
c - Shroud of Golubria    Chrm/Tloc      #.........   14%         2    ##.....
d - Teleport Other        Tloc           ###.....     12%         3    ###....
e - Sting                 Conj/Pois      #...         12%         1    #......


Dungeon Overview and Level Annotations

Branches:
Dungeon (6/15)             Temple (1/1) D:5

Altars:
Ashenzari
Dithmenos
Elyvilon
Fedhas
Kikubaaqudgha
Nemelex Xobeh
Qazlal
Ru
Sif Muna
Trog
Vehumet
Xom
Yredelemnul
Zin

Shops:
D:5 (

Annotations:
D:6 exclusion: water moccasin


Message History

You are splashed with acid!
The acid burns!
You hit the jelly. The acid corrodes you!
Your hands burn!
The jelly is lightly wounded.
The jelly barely misses you.
You slash the jelly! The acid corrodes you!
Your hands burn!
The jelly is moderately wounded.
The jelly hits you but does no damage.
You slash the jelly!
Your hands burn!
The jelly is severely wounded.
The jelly barely misses you.
You hit the jelly but do no damage. The acid corrodes you!
Your hands burn!
The jelly is severely wounded.
The jelly hits you.
* * * LOW HITPOINT WARNING * * *
You are splashed with acid!
The acid burns!
* * * LOW HITPOINT WARNING * * *
The jelly hits you.
* * * LOW HITPOINT WARNING * * *
You are splashed with acid!
The acid burns!
You die...

#...............#.......#....
+...............#......(#....
#...............#.......#....
#...............#...##'##....
#+#####+###'####.###...##..###+#
........#................)......
.....(...#.......................
.........#.......................
.........#......@................
.......>.'.....J.................
...##.##.##...####+##...##.......
...##.##.##...##...##...##.......
...............#........####'####
.......<.......#........##.....##
...............#........#.......#
...............'........#.......#
...............#........+.......+


You could see a jelly.

Vanquished Creatures
  A black bear (D:5)
  A sky beast (D:5)
  An ogre (D:5)
  A crimson imp (D:6)
  A hound (D:5)
  An orc priest (D:5)
  Ijyb (D:2)
  2 orc wizards (D:4)
  A jelly (D:4)
  Terence (D:3)
  2 worker ants
  11 adders
  A shadow imp (D:4)
  A worm (D:2)
  5 orcs
  A bat skeleton (D:4)
  2 bat zombies
  7 giant cockroaches
  17 goblins
  9 hobgoblins
  10 kobolds
  2 quokkas (D:5)
  11 bats
  2 giant geckos
  A giant gecko zombie (D:5)
  6 giant newts
  A jackal skeleton (D:5)
  A jackal zombie (D:5)
  A quokka skeleton (D:5)
  10 rats
112 creatures vanquished.

Vanquished Creatures (others)
  A giant frog skeleton (D:5)
1 creature vanquished.

Grand Total: 113 creatures vanquished

Notes
Turn   | Place    | Note
--------------------------------------------------------------
     0 | D:1      | Raurakos the High Elf Warper began the quest for the Orb.
     0 | D:1      | Reached XP level 1. HP: 14/14 MP: 4/4
   223 | D:1      | Reached XP level 2. HP: 14/19 MP: 6/6
   776 | D:1      | Learned a level 2 spell: Blink
   779 | D:1      | Learned a level 2 spell: Shroud of Golubria
  1073 | D:2      | Reached skill level 4 in Long Blades
  1086 | D:2      | Reached XP level 3. HP: 15/24 MP: 7/7
  1248 | D:2      | Noticed Ijyb
  1507 | D:2      | Found a sparkling altar of Nemelex Xobeh.
  1913 | D:2      | Found a radiant altar of Vehumet.
  1919 | D:2      | Became a worshipper of Vehumet
  2232 | D:2      | Found a stormy altar of Qazlal.
  2379 | D:2      | Reached XP level 4. HP: 29/29 MP: 8/8
  2479 | D:2      | Killed Ijyb
  2654 | D:3      | Noticed Terence
  2785 | D:3      | Found a bloodstained altar of Trog.
  3058 | D:3      | Reached XP level 5. HP: 34/34 MP: 3/9
  3068 | D:3      | Learned a level 3 spell: Teleport Other
  3075 | D:3      | Acquired Vehumet's first power
  3075 | D:3      | Offered knowledge of Shock by Vehumet.
  3357 | D:3      | Killed Terence
  4143 | D:4      | Reached skill level 5 in Dodging
  4448 | D:4      | Reached XP level 6. HP: 37/39 MP: 10/10
  4895 | D:5      | Entered Level 5 of the Dungeon
  4987 | D:5      | Reached skill level 6 in Dodging
  5085 | D:5      | Reached skill level 5 in Long Blades
  5541 | D:5      | Found Wucyos's Antique Weapon Shoppe.
  5871 | D:5      | Offered knowledge of Sting by Vehumet.
  5871 | D:5      | Reached XP level 7. HP: 23/45 MP: 11/11
  5874 | D:5      | Learned a level 1 spell: Sting
  6103 | D:5      | Got a pair of smoking boots
  6114 | D:5      | Identified the cursed -5 pair of boots "Xoon" {rN+} (You found it on level 5 of the Dungeon)
  6240 | D:5      | Found a staircase to the Ecumenical Temple.
  6249 | Temple   | Entered the Ecumenical Temple
  6542 | D:5      | Reached skill level 1 in Conjurations
  6542 | D:5      | Reached skill level 1 in Poison Magic
  7187 | D:6      | Splashed by a jelly's acid

Vault maps used:
D:1:      dpeg_arrival_houses_and_road, grunt_decor_fettered
D:2:      kennysheep_the_goblin_king, old_standard_altar,
          nemelex_xobeh_ov_fountains_minmay, grunt_qazlal_sundering
D:3:      trog_hazing_becter, uniq_terence
D:5:      lemuel_temple_firewalk, first_bread, serial_shops,
          nicolae_shop_temple_entry_statues_fountains
Temple:   roderic_octagonal_lattice_temple

Action                   |  1- 3 |  4- 6 |  7- 9 || total
-------------------------+-------+-------+-------++-------
Melee: Falchion          |   146 |   129 |    49 ||   324
       Dagger            |       |   114 |    32 ||   146
       Long sword        |       |       |    11 ||    11
 Fire: Hunting sling     |     2 |    23 |     6 ||    31
Throw: Stone             |    11 |    18 |       ||    29
 Cast: Shroud of Golubri |     2 |    14 |       ||    16
       Apportation       |       |     8 |       ||     8
       Teleport Other    |       |     8 |     3 ||    11
       Sting             |       |       |    11 ||    11
Evoke: Wand              |       |     9 |       ||     9
  Use: Scroll            |     4 |     5 |     3 ||    12
       Potion            |     3 |     1 |       ||     4
 Stab: Sleeping          |     2 |     1 |       ||     3
       Distracted        |       |     1 |       ||     1
  Eat: Chunk             |     2 |    14 |     3 ||    19
       Royal jelly       |     1 |       |       ||     1
       Pizza             |       |       |     1 ||     1
